 Dungeon Crawl Stone Soup version 0.31-a0-836-g3ceb0a68c4 (webtiles) character file.

Game seed: 17268456903081140932

3075 IdlyInterested the Slicer (level 9, 0/65 HPs)
             Began as a Demonspawn Gladiator on Sept 26, 2023.
             Slain by a wight
             ... wielding a +5 falchion
              (7 damage)
             ... on level 7 of the Dungeon.
             The game lasted 00:23:00 (6430 turns).

IdlyInterested the Slicer (Demonspawn Gladiator)    Turns: 6430, Time: 00:23:01

Health: 0/65       AC: 12    Str: 16    XL:     9   Next: 58%
Magic:  0/12       EV:  8    Int: 15    God:
Gold:   383        SH:  0    Dex: 18    Spells: 12/12 levels left

rFire   . . .        B - +0 short sword (drain)
rCold   . . .        (no shield)
rNeg    . . .        i - +0 chain mail
rPois   .            u - +0 helmet
rElec   .            (no cloak)
rCorr   .            (no gloves)
SInv    .            D - +0 pair of boots
Will    .....        g - amulet of guardian spirit Stlth
                     A - +6 ring of intelligence
HPRegen 0.30/turn    (no ring)
MPRegen 0.13/turn

%: guardian spirit
@: no status effects
A: molten scales 1, foul stench 1, powered by pain 1, weakness stinger 1
a: no special abilities


You were on level 7 of the Dungeon.
You visited 2 branches of the dungeon, and saw 10 of its levels.

You collected 383 gold pieces.

Inventory:

Hand Weapons
 a - a +0 rapier
 p - a +0 dagger of freezing
 B - a +0 short sword of draining (weapon)
Missiles
 d - 3 throwing nets
 e - 2 javelins
 f - 16 poisoned darts (quivered)
 h - 65 stones
 q - 3 atropa-tipped darts
 K - 4 boomerangs
Armour
 b - a +0 leather armour
 i - a +0 chain mail (worn)
 o - a +0 plate armour
 t - a +0 ring mail
 u - a +0 helmet (worn)
 D - a +0 pair of boots (worn)
 M - a +1 ring mail of fire resistance
Magical Staves
 E - a staff of poison
Jewellery
 g - an amulet of guardian spirit (around neck)
 A - a +6 ring of intelligence (left hand)
 H - an amulet of the acrobat
Talismans
 I - a blade talisman
Wands
 c - a wand of roots (2)
 F - a wand of charming (9)
 L - a wand of polymorph (5)
Scrolls
 j - 3 scrolls of teleportation
 m - 4 scrolls of amnesia
 n - a scroll of fog {unknown}
 r - a scroll of poison
 x - a scroll of fear
 y - a scroll of brand weapon {unknown}
 z - a scroll of immolation {unknown}
 C - a scroll of blinking {unknown}
 N - a scroll of revelation {unknown}
 O - a scroll of summoning {unknown}
Potions
 k - a potion of enlightenment
 l - a potion of mutation
 s - a potion of cancellation {unknown}
 v - a potion of lignification
 w - a potion of brilliance
 G - a potion of magic {unknown}
 J - a potion of curing {unknown}


   Skills:
 - Level 4.0 Fighting
 + Level 10.6 Short Blades
 - Level 2.0 Throwing
 - Level 2.0 Armour
 - Level 3.0 Dodging
 - Level 2.0 Stealth
 - Level 2.0 Shields
 - Level 2.0 Spellcasting
 - Level 1.0 Poison Magic
 - Level 2.0 Invocations
 - Level 2.0 Evocations
 - Level 2.0 Shapeshifting


You had 12 spell levels left.
You didn't know any spells.
Your spell library contained the following spells:

 Spells                   Type           Power      Damage    Failure   Level
 Apportation              Tloc           2%         N/A       95%         1
 Foxfire                  Conj/Fire      4%         2x1d4     95%         1
 Freeze                   Ice            4%         1d3       95%         1
 Necrotise                Necr           4%         1d4       95%         1
 Sandblast                Erth           2%         2d4       95%         1
 Slow                     Hex            4%         N/A       95%         1
 Summon Small Mammal      Summ           4%         N/A       95%         1
 Passwall                 Tmut/Erth      0%         N/A       99%         2
 Confusing Touch          Hex            1%         N/A       100%        3
 Frozen Ramparts          Ice            2%         1d1       100%        3
 Hailstorm                Conj/Ice       1%         3d3       100%        3
 Sigil of Binding         Hex            1%         N/A       100%        3
 Stone Arrow              Conj/Erth      2%         3d7       100%        3
 Vampiric Draining        Necr           1%         2d6       100%        3
 Volatile Blastmotes      Fire/Tloc      2%         2d10      100%        3
 Brom's Barrelling Bould  Conj/Erth      1%         2d3       100%        4
 Summon Ice Beast         Ice/Summ       1%         N/A       100%        4
 Vhi's Electric Charge    Tloc/Air       2%         N/A       100%        4
 Arcjolt                  Conj/Air       0%         1d10      100%        5
 Simulacrum               Ice/Necr       0%         N/A       100%        6
 Maxwell's Capacitive Co  Air            0%         ∞         100%        8


Dungeon Overview and Level Annotations

Branches:
Dungeon (9/15)             Temple (1/1) D:5
   Lair: D:8-11         Orc: D:9-12

Altars:
Ashenzari
Cheibriados
Dithmenos
Gozag
Hepliaklqana
Kikubaaqudgha
Makhleb
Nemelex Xobeh
Okawaru
Qazlal
Sif Muna
Trog
Uskayaw
Vehumet
Wu Jian
Xom
Yredelemnul


Innate Abilities, Weirdness & Mutations

You are partially covered in molten scales. (AC +2)
You may rarely emit foul miasma when damaged in melee.
You sometimes gain a little power by taking damage.
You have a small tail.


Message History

The grasping roots constrict the wight.
The grasping roots constrict the kobold.
The kobold escapes!
You closely miss the kobold.
The kobold is heavily wounded.
The grasping roots constrict the wight.
The roots release their grip on the wight.
The kobold hits you but does no damage.
You barely miss the kobold. You tail-slap the kobold.
The kobold is severely wounded.
You hit the kobold.
You kill the kobold!
You barely miss the wight.
The wight is almost destroyed.
You hit the wight but do no damage.
The wight is almost destroyed.
The wight hits you but does no damage.
You hit the wight but do no damage.
Your tail-slap misses the wight.
The wight is almost destroyed.
You hit the wight but do no damage.
The wight is almost destroyed.
The wight hits you with a +5 falchion!
* * * LOW HITPOINT WARNING * * *
You closely miss the wight.
The wight is almost destroyed.
You closely miss the wight.
The wight is almost destroyed.
The wight hits you with a +5 falchion!
* * * LOW HITPOINT WARNING * * *
You barely miss the wight.
The wight is almost destroyed.
You hit the wight but do no damage.
The wight is almost destroyed.
The wight closely misses you.
You hit the wight but do no damage.
The wight is almost destroyed.
You hit the wight but do no damage.
The wight is almost destroyed.
The wight hits you with a +5 falchion!
You die...

#.#..... #.#....
####+#####.#....
#.......#.......
#.......#.....
#.......#..zz
....# #@##K#
#...#z#.z#
#..z).## #######


You could see 2 wights.

Vanquished Creatures
  A rime drake (D:9)
  A troll (D:9)
  A wyvern (D:9)
  A vampire (D:9)
  A water moccasin (D:5)
  An acid dragon (D:9)
  2 orc warriors (D:9)
  3 ice beasts
  A sky beast (D:6)
  An ogre (D:5)
  A centaur (D:5)
  A kobold brigand (D:7)
  2 bullfrogs
  A scorpion (D:6)
  3 wights (D:7)
  3 killer bees (D:9)
  2 jellies
  2 hounds
  4 orc priests
  A gnoll bouda (D:8)
  4 iguanas
  5 orc wizards
  A sleepcap (D:4)
  7 adders
  3 gnolls (D:8)
  A white imp (D:5)
  An ufetubus (D:4)
  A worm (D:4)
  A dart slug (D:5)
  22 orcs
  3 bats (D:2)
  7 endoplasms
  6 giant cockroaches
  8 goblins
  2 hobgoblins (D:3)
  8 jackals
  9 kobolds
  6 quokkas
  8 ball pythons
  8 frilled lizards
  4 rats
148 creatures vanquished.

Vanquished Creatures (collateral kills)
  A killer bee (D:9)
1 creature vanquished.

Vanquished Creatures (others)
  A killer bee (D:9)
1 creature vanquished.

Grand Total: 150 creatures vanquished

Notes
Turn   | Place    | Note
-------+----------+-------------------------------------------
     0 | D:1      | IdlyInterested the Demonspawn Gladiator began the quest for
                  | the Orb.
     0 | D:1      | Reached XP level 1. HP: 16/16 MP: 1/1
   161 | D:1      | Reached skill level 3 in Short Blades
   166 | D:1      | Gained mutation: You sometimes gain a little power by
                  | taking damage. [demonic ancestry]
   166 | D:1      | Reached XP level 2. HP: 22/22 MP: 2/2
   402 | D:1      | Reached skill level 1 in Armour
   463 | D:1      | Got a glossy book
   523 | D:1      | Gained mutation: You may rarely emit foul miasma when
                  | damaged in melee. [demonic ancestry]
   523 | D:1      | Reached XP level 3. HP: 25/27 MP: 3/3
   874 | D:2      | Reached skill level 1 in Stealth
  1110 | D:2      | Reached skill level 4 in Short Blades
  1396 | D:2      | Gained mutation: You are partially covered in molten
                  | scales. (AC +2) [demonic ancestry]
  1396 | D:2      | Reached XP level 4. HP: 25/33 MP: 2/4
  1754 | D:3      | Reached skill level 1 in Invocations
  2433 | D:4      | Reached skill level 1 in Evocations
  2454 | D:4      | Reached XP level 5. HP: 38/38 MP: 5/5
  2722 | D:4      | Reached skill level 5 in Short Blades
  2722 | D:4      | Reached skill level 1 in Shapeshifting
  2868 | D:4      | Reached skill level 1 in Spellcasting
  3158 | D:4      | Reached XP level 6. HP: 43/44 MP: 7/7
  3482 | D:5      | Entered Level 5 of the Dungeon
  3757 | D:5      | Found a sparkling altar of Nemelex Xobeh.
  3822 | D:5      | Noticed an ice beast
  3842 | D:5      | Killed an ice beast
  4124 | D:5      | Reached skill level 6 in Short Blades
  4204 | D:5      | Reached XP level 7. HP: 45/51 MP: 6/8
  4491 | D:5      | Found a staircase to the Ecumenical Temple.
  4500 | Temple   | Entered the Ecumenical Temple
  5323 | D:6      | Reached skill level 7 in Short Blades
  5323 | D:6      | Gained mutation: You have a small tail. [demonic ancestry]
  5323 | D:6      | Reached XP level 8. HP: 60/60 MP: 9/11
  5384 | D:6      | You fall into a shaft and drop 3 floors!
  5396 | D:9      | Reached skill level 1 in Shields
  5562 | D:9      | Reached skill level 1 in Poison Magic
  5576 | D:9      | Reached skill level 8 in Short Blades
  5787 | D:9      | Noticed a troll
  5801 | D:9      | Killed a troll
  5802 | D:9      | Reached XP level 9. HP: 47/65 MP: 8/12
  5911 | D:9      | Reached skill level 9 in Short Blades
  5970 | D:9      | Noticed a rime drake
  5988 | D:9      | Killed a rime drake
  6133 | D:8      | Reached skill level 10 in Short Blades
  6430 | D:7      | Slain by a wight

Illustrated notes

Levels and vault maps discovered:
D:1:      psy_arrival_conway, layout_loops_ring, amcnicky_mini_corridor_feature
D:2:      layout_rooms, serial_corexii_hall, corexii_hall_statues_i,
          corexii_hall_statues_s, minmay_misc_feat_square,
          kennysheep_big_empty_room
D:3:      layout_basic, nrook_mini_backslash, minmay_misc_feat_secret_circle
D:4:      layout_cave_pods, st_stairs_9, palyth_stone_intersect
D:5:      layout_basic, mainiacjoe_overflow_six_doors_small,
          minmay_temple_entry_poolview, minmay_door_square
D:6:      layout_basic
D:7:      layout_basic, uniq_prince_ribbit1, uniq_duvessa
D:8:      layout_cave_pods, fungi_pond_lemuel
D:9:      minmay_chambers_of_sevens, layout_basic, hellmonk_lair_entry_icy
Temple:   hellmonk_temple_of_storms

Skill      XL: |  1  2  3  4  5  6  7  8  9 |
---------------+----------------------------+-----
Short Blades   | 3 4 5 6 7 8 10 | 10.6
Armour         | 1 2 |  2.0
Stealth        | 1 2 |  2.0
Invocations    | 1 2 |  2.0
Evocations     | 1 2 |  2.0
Shapeshifting  | 1 2 |  2.0
Spellcasting   | 1 2 |  2.0
Throwing       | 2 |  2.0
Dodging        | 3 |  3.0
Fighting       | 4 |  4.0
Shields        | 2 |  2.0
Poison Magic   | 1 |  1.0

Action                     |  1- 3 |  4- 6 |  7- 9 || total
---------------------------+-------+-------+-------++-------
  Melee: Rapier            |   109 |    88 |       ||   197
         Punch             |     1 |     1 |     4 ||     6
         Short sword       |       |   122 |   427 ||   549
         Tailslap          |       |       |    47 ||    47
  Throw: Dart              |     2 |     8 |    14 ||    24
         Javelin           |       |       |     8 ||     8
         Stone             |       |       |     2 ||     2
  Evoke: Wand              |       |       |     6 ||     6
    Use: Scroll            |     1 |     7 |       ||     8
         Potion            |       |     2 |     2 ||     4
 Armour: Leather armour    |     5 |       |       ||     5
         Chain mail        |    88 |   138 |   240 ||   466
  Dodge: Dodged            |    34 |    79 |   127 ||   240

Table legend: (Time is in decaauts)
 A = Elapsed time spent in this place.
 B = Non-inter-level travel time spent in this place.
 C = Inter-level travel time spent in this place.
 D = Time resting spent in this place.
 E = Time spent auto-exploring this place.
 F = Levels seen in this place.
 G = Mean time per level.
                   A        B        C        D        E       F      G
               +--------+--------+--------+--------+--------+-----+--------+
         Total |   6232 |   5154 |   1078 |    440 |   2968 |  10 |  623.2 |
       Dungeon |   6230 |   5152 |   1078 |    440 |   2968 |   9 |  692.2 |
        Temple |      1 |      1 |      0 |      0 |      0 |   1 |    1.0 |
               +--------+--------+--------+--------+--------+-----+--------+

Top non-repeatable levels by time:
     D:5: 1194 daAuts
     D:4: 1141 daAuts
     D:3: 991 daAuts
     D:1: 874 daAuts
     D:2: 628 daAuts
     D:9: 620 daAuts
     D:6: 487 daAuts
     D:8: 245 daAuts
     D:7: 48 daAuts
  Temple: 1 daAuts
